 Dungeon Crawl Stone Soup version 0.30-a0-652-gcc886f7154 (webtiles) character file.

Game seed: 13614213450117241556

707 demibob the Twirler (level 7, 0/50 HPs)
             Began as a Demonspawn Gladiator on Jan 18, 2023.
             Was an Initiate of Gozag.
             Slain by Edmund
             ... wielding a +5 flail of protection
              (4 damage)
             ... on level 5 of the Dungeon.
             The game lasted 00:05:18 (3210 turns).

demibob the Twirler (Demonspawn Gladiator)          Turns: 3210, Time: 00:05:19

Health: 0/50       AC:  8    Str: 11 (14) XL:     7   Next: 40%
Magic:  7/7        EV: 12    Int:  9 (10) God:    Gozag
Gold:   535        SH:  0    Dex: 15 (16) Spells: 6/6 levels left

rFire   + . .      SeeInvis .    a - +0 quarterstaff
rCold   + . .      Faith    .    (shield currently unavailable)
rNeg    . . .      Spirit   .    b - +0 leather armour
rPois   +          Reflect  .    c - +0 helmet
rElec   +          Harm     .    (no cloak)
rCorr   +          Rampage  .    (no gloves)
Will    .....                    (no boots)
Stlth   +                        (no amulet)
HPRegen 0.28/turn                T - +4 ring of protection
MPRegen 0.10/turn                (no ring)

@: resistant
A: demonic guardian 1, powered by death 2, weakness stinger 1
a: Renounce Religion, Potion Petition, Call Merchant, Bribe Branch


You were on level 5 of the Dungeon.
You worshipped Gozag.
Gozag was pleased with you.
You visited 1 branch of the dungeon, and saw 5 of its levels.

You collected 753 gold pieces.
You spent 218 gold pieces at shops.


Innate Abilities, Weirdness & Mutations

A weak demonic guardian rushes to your aid.
You regenerate health from kills.
You have a small tail.


   Skills:
 - Level 2.0 Fighting
 * Level 4.2(6.0) Polearms
 - Level 6.5(7.2) Staves
 - Level 1.7 Throwing
 - Level 2.6 Dodging


You had 6 spell levels left.
You didn't know any spells.
Your spell library contained the following spells:

 Spells                   Type           Power      Damage    Failure   Level
 Freeze                   Ice            0%         1d3       47%         1
 Frozen Ramparts          Ice            0%         1d1       85%         3
 Hailstorm                Conj/Ice       0%         3d3       85%         3

Inventory:

Hand Weapons
 a - a +0 quarterstaff (weapon)
 p - the +10 glaive "Saaf" {heavy, rPois}
   (You bought it in a shop on level 3 of the Dungeon)

   rPois:     It protects you from poison.
Missiles
 d - 2 throwing nets {=f}
 e - 5 javelins
 h - 9 poisoned darts (quivered)
Armour
 b - a +0 leather armour (worn)
 c - a +0 helmet (worn)
Jewellery
 T - a +4 ring of protection (left hand)
Wands
 r - a wand of polymorph (8)
Scrolls
 g - a scroll of enchant armour {unknown}
 j - a scroll of torment
 l - a scroll of fog {unknown}
 m - a scroll of acquirement {unknown}
 n - a scroll of vulnerability {unknown}
 o - 2 scrolls of identify {@r1}
Potions
 f - a potion of degeneration
 k - a potion of brilliance

Dungeon Overview and Level Annotations

Branches:
Dungeon (5/15)
 Temple: D:4-7

Altars:
Gozag
Nemelex Xobeh

Shops:
D:3 (

Annotations:
D:5 2 transporters, Edmund

### .... ####.###
.... ##......##...#
#...........)#.
##........$...<#
#.......##...#
###...........#..
#.....§@@........
#.▒▒▒▒▒▒▒▒▒......
#.▒8P.©.P8▒......
#.▒P../..P▒......
#.▒▒▒▒+▒▒▒▒......
#.▒5≈...≈.▒......
#.▒.≈...≈.▒...... $
#.▒.≈~~P≈.▒......
#.▒.≈~♣~≈.▒...[......


You could see Edmund and a shadow imp.


Message History

* * * LOW HITPOINT WARNING * * *
There is a transporter here.
Your iron imp disappears in a puff of smoke!
Edmund hits you but does no damage.
Your shadow imp hits Edmund but does no damage.
Your shadow imp gestures at Edmund.
Edmund writhes in agony!
You catch the helpless Edmund completely off-guard!
You hit Edmund but do no damage.
Edmund is severely wounded.
Edmund hits you but does no damage.
Your shadow imp barely misses Edmund.
You closely miss Edmund. You tail-slap Edmund, but do no damage.
Edmund is severely wounded.
Edmund misses you.
Your shadow imp hits Edmund but does no damage.
You hit Edmund.
Edmund is severely wounded.
Edmund hits you with a +5 flail of protection!
* * * LOW HITPOINT WARNING * * *
It was a potion of cancellation.
You feel magically purged.
Your shadow imp gestures at Edmund.
Edmund writhes in agony!
Edmund hits your shadow imp with a +5 flail of protection!
Your shadow imp dies!
Your shadow imp disappears in a puff of smoke!
It was a potion of resistance.
You feel protected.
Edmund hits you with a +5 flail of protection.
You die...
Your body crumbles into a pile of gold.

Skill      XL: |  1  2  3  4  5  6  7 |
---------------+----------------------+-----
Staves         | 3 4 5 6 |  6.5
Polearms       | 3 4 |  4.2
Fighting       | |  2.0
Throwing       | |  1.7
Dodging        | |  2.6

Action                   |  1- 3 |  4- 6 |  7- 9 || total
-------------------------+-------+-------+-------++-------
Melee: Quarterstaff      |   122 |    98 |    54 ||   274
       Tailslap          |     8 |    16 |     6 ||    30
       Unarmed           |       |    15 |     3 ||    18
Throw: Dart              |       |     6 |       ||     6
       Throwing net      |       |     1 |       ||     1
  Use: Scroll            |     4 |     3 |       ||     7
       Potion            |       |     1 |     5 ||     6
 Stab: Sleeping          |     3 |     1 |       ||     4
       Distracted        |     1 |     1 |     1 ||     3
Armor: Leather armour    |    70 |    28 |    24 ||   122
       Skin              |       |     3 |       ||     3
Dodge: Dodged            |    88 |    82 |    35 ||   205

Levels and vault maps discovered:
D:1:      saegor_arrival_simple_e, layout_rooms,
          shapermc_ecumenical_altar_totnotflames
D:2:      layout_loops_corners, roderic_roman_lattice, kennysheep_generic_room_8
D:3:      layout_rooms, serial_shops, shop_statue, uniq_jessica
D:4:      old_forge, layout_gridville, mainiacjoe_overflow_six_doors_small
D:5:      gammafunk_wand_slinger, layout_cave_pools, minitemple,
          gammafunk_ghost_smash, uniq_edmund

Notes
Turn   | Place    | Note
-------+----------+-------------------------------------------
     0 | D:1      | demibob the Demonspawn Gladiator began the quest for the
                  | Orb.
     0 | D:1      | Reached XP level 1. HP: 16/16 MP: 1/1
   133 | D:1      | Found a faded altar of an unknown god.
   148 | D:1      | Reached skill level 3 in Staves
   151 | D:1      | Prayed at the altar of an unknown god.
   151 | D:1      | Became a worshipper of Gozag Ym Sagoz the Greedy
   248 | D:1      | Gained mutation: You have a small tail. [demonic ancestry]
   248 | D:1      | Reached XP level 2. HP: 20/22 MP: 2/2
   310 | D:1      | You fall into a shaft and drop 1 floor!
   600 | D:2      | Gained mutation: You regenerate a little health from kills.
                  | [demonic ancestry]
   600 | D:2      | Reached XP level 3. HP: 12/27 MP: 3/3
   748 | D:2      | Reached skill level 4 in Staves
  1648 | D:1      | Reached XP level 4. HP: 33/33 MP: 4/4
  2123 | D:3      | Noticed a scorpion
  2132 | D:3      | Killed a scorpion
  2133 | D:3      | Reached skill level 5 in Staves
  2133 | D:3      | Gained mutation: A weak demonic guardian rushes to your
                  | aid. [demonic ancestry]
  2133 | D:3      | Reached XP level 5. HP: 38/38 MP: 5/5
  2149 | D:3      | Noticed a black bear
  2180 | D:3      | Killed a black bear
  2181 | D:3      | Reached skill level 6 in Staves
  2183 | D:3      | Noticed a phantom
  2186 | D:3      | Gained mutation: You regenerate health from kills. [demonic
                  | ancestry]
  2186 | D:3      | Reached XP level 6. HP: 35/44 MP: 6/6
  2218 | D:3      | Found Ithuggun's Antique Weapon Shop.
  2233 | D:3      | Bought an iridescent glaive for 218 gold pieces
  2233 | D:3      | Identified the +10 glaive "Saaf" {heavy, rPois} (You bought
                  | it in a shop on level 3 of the Dungeon)
  2233 | D:3      | Noticed Jessica
  2246 | D:3      | Killed Jessica
  2291 | D:3      | Reached skill level 1 in Polearms
  2589 | D:4      | Reached skill level 2 in Polearms
  2663 | D:4      | Found a sparkling altar of Nemelex Xobeh.
  2727 | D:4      | Reached skill level 3 in Polearms
  2727 | D:4      | Reached XP level 7. HP: 50/50 MP: 7/7
  3052 | D:4      | Identified the +1 leather armour "Hoileil" {Harm Will+}
  3096 | D:4      | Reached skill level 4 in Polearms
  3143 | D:5      | Entered Level 5 of the Dungeon
  3148 | D:5      | Found a transporter.
  3170 | D:5      | Found a transporter.
  3184 | D:5      | Noticed Edmund
  3208 | D:5      | HP: 4/50 [Edmund/+5 flail of protection (8)]
  3210 | D:5      | Identified a potion of resistance
  3210 | D:5      | Slain by Edmund

Vanquished Creatures
  A black bear (D:3)
  2 phantoms
  3 scorpions
  3 hounds (D:4)
  Jessica (D:3)
  An iguana (D:4)
  5 gnolls
  3 adders
  A worm (D:2)
  3 dart slugs
  An orc (D:4)
  5 endoplasms
  3 giant cockroaches
  9 goblins
  9 hobgoblins
  4 jackals (D:3)
  6 quokkas
  4 ball pythons
  11 bats
  3 frilled lizards
  6 kobolds
  7 rats
91 creatures vanquished.

Vanquished Creatures (collateral kills)
  A goblin (D:4)
1 creature vanquished.

Vanquished Creatures (others)
  2 fungi (D:4)
2 creatures vanquished.

Grand Total: 94 creatures vanquished

Table legend: (Time is in decaauts)
 A = Elapsed time spent in this place.
 B = Non-inter-level travel time spent in this place.
 C = Inter-level travel time spent in this place.
 D = Time resting spent in this place.
 E = Time spent auto-exploring this place.
 F = Levels seen in this place.
 G = Mean time per level.
                   A        B        C        D        E       F      G
               +--------+--------+--------+--------+--------+-----+--------+
         Total |   3200 |   2982 |    218 |     16 |   2299 |   5 |  640.0 |
       Dungeon |   3200 |   2982 |    218 |     16 |   2299 |   5 |  640.0 |
               +--------+--------+--------+--------+--------+-----+--------+

Top non-repeatable levels by time:
     D:2: 1403 daAuts
     D:1: 633 daAuts
     D:4: 571 daAuts
     D:3: 525 daAuts
     D:5: 66 daAuts

Table legend:
 A = Non-vault XP
 B = Vault XP
 C = Vault XP percentage of total XP
 D = Non-vault monster count
 E = Vault monster count
 F = Vault count percentage of total count
                 A         B        C        D         E       F
            +---------+---------+-------+---------+---------+-------
      Total |     886 |     125 |  12.4 |      86 |       6 |   6.5
            +---------+---------+-------+---------+---------+-------
        D:1 |      31 |       0 |   0.0 |      19 |       0 |   0.0
        D:2 |      80 |       0 |   0.0 |      31 |       0 |   0.0
        D:3 |     406 |      37 |   8.4 |      20 |       1 |   4.8
        D:4 |     369 |      88 |  19.3 |      16 |       5 |  23.8
            +---------+---------+-------+---------+---------+-------
